 Dungeon Crawl Stone Soup version 0.25.1-4-g9407a263a5 (webtiles) character file.

Game seed: 2972353505718338620

58 Clowwww the Chopper (level 3, -1/27 HPs)
             Began as a Demonspawn Gladiator on Nov 28, 2020.
             Slain by a phantom (3 damage)
             ... on level 3 of the Dungeon.
             The game lasted 00:04:32 (2532 turns).

Clowwww the Chopper (Demonspawn Gladiator)          Turns: 2532, Time: 00:04:33

Health: -1/27      AC:  6    Str: 13 (15) XL:     3   Next: 75%
Magic:  3/3        EV: 13    Int:  8 (9)  God:
Gold:   89         SH:  0    Dex: 13 (14) Spells: 2/2 levels left

rFire    + . .     SeeInvis .   a - +0 war axe
rCold    + . .     Gourm    .   (no shield)
rNeg     . . .     Faith    .   b - +0 leather armour
rPois    +         Spirit   .   c - +0 helmet
rElec    +         Reflect  .   (no cloak)
rCorr    +         Harm     .   (no gloves)
MR       .....                  (no boots)
Stlth    ++........             (no amulet)
HPRegen  0.09/turn              (no ring)
MPRegen  0.08/turn              (no ring)

@: resistant, flying, hasted, very quick
A: yellow scales 1, nightstalker 1
a: no special abilities


You were on level 3 of the Dungeon.
You were not hungry.

You visited 1 branch of the dungeon, and saw 3 of its levels.

You collected 89 gold pieces.

Inventory:

Hand Weapons
 a - a +0 war axe (weapon)
Missiles
 d - a throwing net (quivered)
Armour
 b - a +0 leather armour (worn)
 c - a +0 helmet (worn)
 o - a +1 leather armour of positive energy
 p - a cursed +0 leather armour
Jewellery
 i - an uncursed ring of protection from cold {unknown}
 n - an uncursed ring of protection from magic {unknown}
Scrolls
 e - 4 scrolls of teleportation {unknown}
 h - 3 scrolls of identify {unknown}
 j - 2 scrolls of magic mapping {unknown}
 l - a scroll of remove curse {unknown}
 r - 2 scrolls of amnesia {unknown}
 t - a scroll of blinking {unknown}
 u - 2 scrolls of immolation {unknown}
Potions
 k - 2 potions of flight
 m - a potion of mutation {unknown}
Comestibles
 f - 5 rations
 v - 3 chunks of flesh


   Skills:
 + Level 2.2 Fighting
 + Level 3.4 Axes
 + Level 1.7 Throwing
 + Level 0.9 Armour
 + Level 3.3 Dodging
 + Level 0.4 Stealth


You had 2 spell levels left.
You didn't know any spells.
Your spell library was empty.

Dungeon Overview and Level Annotations

Branches:
Dungeon (3/15)

Altars:


Innate Abilities, Weirdness & Mutations

You are partially covered in yellow scales. (AC +2)
You are slightly more attuned to the shadows.


Message History

* * * LOW HITPOINT WARNING * * *
The rat bites you but does no damage.
The phantom hits you but does no damage.
You hit the rat.
The rat is heavily wounded.
You miss the phantom. The rat barely misses you. The phantom hits you.
* * * LOW HITPOINT WARNING * * *
You slash the rat!
You kill the rat!
You miss the phantom. The phantom misses you.
It was a potion of haste.
You feel yourself speed up.
The phantom hits you but does no damage.
It was a potion of degeneration.
There was something very wrong with that liquid.
You feel weakened.
You feel dopey.
You feel clumsy. The phantom barely misses you.
It was a potion of resistance.
You feel protected. The phantom hits you.
You die...

#.......#...####
#.###.###.......
#.# #.# #.######
#.###.###.#
##.........#
#..(...#####
#.###### #W# #@#
#)# #.# #.# #(#
#.# #.# #.# #.#


You could see a phantom.

Vanquished Creatures
  An ooze (D:2)
  2 worms
  3 leopard geckos
  3 giant cockroaches
  6 goblins
  2 hobgoblins
  4 jackals (D:3)
  3 kobolds
  7 bats
  6 frilled lizards
  4 rats
41 creatures vanquished.

Notes
Turn   | Place    | Note
-------+----------+-------------------------------------------
     0 | D:1      | Clowwww the Demonspawn Gladiator began the quest for the
                  | Orb.
     0 | D:1      | Reached XP level 1. HP: 16/16 MP: 1/1
   530 | D:1      | Gained mutation: You are partially covered in yellow
                  | scales. (AC +2) [demonic ancestry]
   530 | D:1      | Reached XP level 2. HP: 19/22 MP: 2/2
  1534 | D:2      | Gained mutation: You are slightly more attuned to the
                  | shadows. [demonic ancestry]
  1534 | D:2      | Reached XP level 3. HP: 24/27 MP: 3/3
  2488 | D:3      | Noticed a phantom
  2528 | D:3      | HP: 1/27 [phantom (3)]
  2532 | D:3      | Slain by a phantom

Illustrated notes

Levels and vault maps discovered:
D:1:      roderic_crossed_star, layout_loops_corners, supply_closet_lemuel,
          minivault_14, corner_web_ring
D:2:      layout_loops_ring, minmay_ruptured
D:3:      layout_loops_ring, lemuel_crystal_altar, grunt_dithmenos_smoke,
          lemuel_blue_sif_altar, first_ration, minmay_statues_item

Skill      XL: |  1  2 |
---------------+-------+-----
Dodging        | 3 |  3.3
Axes           | 3 |  3.4
Fighting       | |  2.2
Throwing       | |  1.7
Armour         | |  0.9
Stealth        | |  0.4

Action                   || total
-------------------------++-------
Melee: War axe           ||   150
Throw: Throwing net      ||     3
  Use: Potion            ||     4
 Stab: Sleeping          ||     5
  Eat: Chunk             ||     5
Armor: Leather armour    ||    70
Dodge: Dodged            ||   116
